 Dungeon Sprint DCSS version 0.27.1-33-g824d729ab1 (webtiles) character file.

Game seed: 13053843698744298634

25 manyhoops the Poker (level 3, -8/29 HPs)
             Began as a Merfolk Gladiator on Nov 24, 2021.
             Mangled by an ogre (29 damage)
             ... in the Dungeon (Sprint I: "Red Sonja").
             The game lasted 00:00:43 (189 turns).

manyhoops the Poker (Merfolk Gladiator)              Turns: 189, Time: 00:00:43

Health: -8/29      AC:  4    Str: 14    XL:     3   Next: 4%
Magic:  3/3        EV: 14    Int:  7    God:
Gold:   0          SH:  0    Dex: 16    Spells: 2/2 levels left

rFire    . . .     SeeInvis .   a - +0 trident
rCold    . . .     Faith    .   (no shield)
rNeg     . . .     Spirit   .   b - +0 leather armour
rPois    .         Reflect  .   c - +0 helmet
rElec    .         Harm     .   (no cloak)
rCorr    .         Rampage  .   (no gloves)
Will     .....     NoTele   +   (no boots)
Stlth    ++........             (no amulet)
HPRegen  0.09/turn              (no ring)
MPRegen  0.08/turn              (no ring)

@: no status effects
A: (nimble swimmer 2), mertail
a: no special abilities


You were in the Dungeon.
You visited 1 branch

Inventory:

Hand Weapons
 a - a +0 trident (weapon)
Missiles
 d - 2 throwing nets (quivered)
Armour
 b - a +0 leather armour (worn)
 c - a +0 helmet (worn)
Scrolls
 j - a scroll of blinking
Potions
 e - a potion of curing
 f - a potion of heal wounds
 g - a potion of haste
 h - 2 potions of magic
 i - a potion of berserk rage


   Skills:
 - Level 3.1 Fighting
 - Level 6.8 Polearms
 - Level 2.0 Throwing
 - Level 0.7 Armour
 - Level 6.0 Dodging
 + Level 1.0 Stealth


You had 2 spell levels left.
You didn't know any spells.
Your spell library was empty.

Dungeon Overview and Level Annotations

Branches:
Dungeon (1/1)

Altars:


Innate Abilities, Weirdness & Mutations

((You are quick and stealthy near water. (Stealth+, EV+, Speed+++)))
Your lower body shifts to a powerful aquatic tail in water.


Message History

Your Fighting skill increases to level 3!
Your Polearms skill gained 2 levels and is now at level 6!
Your Dodging skill gained 2 levels and is now at level 6!
Your Stealth skill increases to level 1!
You have reached level 2!
You have reached level 3!
Your experience leads to an increase in your attributes!
Increase (S)trength, (I)ntelligence, or (D)exterity?
You feel agile.
There is an open door here.
Things that are here:
a +0 dagger of speed; a +0 chain mail; the goblin corpse of Ijyb You open the door.
You start resting.
HP restored.
An ogre comes into view. It is wielding a +0 giant spiked club.
The ogre shouts!
There is an open door here.
You puncture the ogre!
The ogre is moderately wounded.
The ogre misses you.
You hit the ogre but do no damage.
The ogre is moderately wounded.
The ogre barely misses you.
You barely miss the ogre.
The ogre is moderately wounded.
The ogre hits you with a +0 giant spiked club!
You hit the ogre.
The ogre is moderately wounded.
You barely miss the ogre.
The ogre is moderately wounded.
The ogre misses you.
You hit the ogre but do no damage.
The ogre is moderately wounded.
The ogre barely misses you.
You barely miss the ogre.
The ogre is moderately wounded.
The ogre hits you with a +0 giant spiked club!!
Ouch! That really hurt!
You die...

##########
#<.#..O..#
#..).@#..+
#..#####+#
#..# #..#
#..# #⌠⌠#
####


You could see an ogre.

Vanquished Creatures
  Ijyb (D)
1 creature vanquished.

Notes
Turn   | Place    | Note
-------+----------+-------------------------------------------
     0 | D        | manyhoops the Merfolk Gladiator began the quest for the
                  | Orb.
     0 | D        | Reached XP level 1. HP: 16/16 MP: 1/1
     4 | D        | Noticed Ijyb
    20 | D        | Killed Ijyb
    21 | D        | Reached skill level 1 in Stealth
    21 | D        | Reached XP level 2. HP: 12/24 MP: 2/2
    21 | D        | Reached XP level 3. HP: 14/29 MP: 3/3
   181 | D        | Noticed an ogre
   189 | D        | Mangled by an ogre

Illustrated notes

Levels and vault maps discovered:
D:        dungeon_sprint_1 [red_sonja_temple_1, red_sonja_temple_small_1]

Skill      XL: |  1 |
---------------+----+-----
Fighting       | 3 |  3.1
Polearms       | 6 |  6.8
Dodging        | 6 |  6.0
Stealth        | 1 |  1.0
Throwing       | |  2.0
Armour         | |  0.7

Action                   || total
-------------------------++-------
Melee: Trident           ||    20
Throw: Throwing net      ||     1
 Stab: Held in net/web   ||     1
Armor: Leather armour    ||     1
Dodge: Dodged            ||     9
